 Dungeon Crawl Stone Soup version 0.18-a0-846-g91b95b1 (webtiles) character file.

23891 tof the Nimble (level 12, -3/106 HPs)
             Began as a Minotaur Monk on Dec 20, 2015.
             Was the Champion of Cheibriados.
             Shot with a bolt by a yaktaur (8 damage)
             ... on level 13 of the Dungeon.
             The game lasted 01:59:28 (16835 turns).

tof the Nimble (Minotaur Monk)                     Turns: 16835, Time: 01:59:29

Health: -3/106     AC: 17    Str: 31    XL:     12   Next: 75%
Magic:  17/17      EV: 23    Int: 24    God:    Cheibriados [******]
Gold:   652        SH:  0    Dex: 31    Spells: 4 memorised, 11 levels left

rFire  + . .     SeeInvis .     w - +3 halberd (freeze)
rCold  x . .     Gourm    .     p - +3 scale mail {MR+}
rNeg   . . .     Faith    .     (shield currently unavailable)
rPois  .         Spirit   .     j - +2 hat
rElec  .         Dismiss  .     l - +2 cloak
rCorr  .         Reflect  .     (no gloves)
SustAt +         Harm     .     (no boots)
MR     +....                    n - amulet of regeneration
Stlth  ++........               J - ring of sustain attributes
                                m - ring of fire

@: very slow, somewhat resistant to hostile enchantments, unstealthy
A: retaliatory headbutt, horns 2, blurry vision 1, slow regeneration 1, wild
magic 1
a: Bend Time, Temporal Distortion, Slouch, Step From Time, Renounce Religion


You were on level 13 of the Dungeon.
You worshipped Cheibriados.
Cheibriados was exalted by your worship.
You were not hungry.

You visited 2 branches of the dungeon, and saw 14 of its levels.

You collected 652 gold pieces.

Inventory:

Hand Weapons
 d - a +3 hand axe
 h - a +0 mace
 o - a +0 flail of holy wrath
 v - a +2 war axe of chopping
 w - a +3 halberd of freezing (weapon)
 C - a +1 war axe of electrocution
 H - a +1 mace of protection
Missiles
 y - 5 tomahawks (quivered)
 I - 3 poisoned tomahawks
Armour
 j - a +2 hat (worn)
 l - a +2 cloak (worn)
 p - a +3 scale mail of magic resistance (worn)
 E - a +1 ring mail of cold resistance
Magical Staves
 a - an uncursed staff of cold
Jewellery
 m - a ring of fire (left hand)
 n - an amulet of regeneration (around neck)
 D - an uncursed ring of ice
 J - a ring of sustain attributes (right hand)
Wands
 g - a wand of slowing (23/48)
 K - a wand of confusion (34/48)
 L - a wand of cold (8/15)
 M - a wand of digging (6/24)
Scrolls
 e - a scroll of teleportation
 s - a scroll of fog
 u - a scroll of magic mapping
 A - 2 scrolls of recharging
 G - a scroll of remove curse
 O - a scroll of brand weapon
Potions
 r - a potion of agility
 x - a potion of curing
 N - 2 potions of might
Books
 q - Sif Muna's Papyrus of Enchantment
   (You found it on level 8 of the Dungeon)

   Spells                             Type                      Level
   a - Corona                         Hexes                        1
   b - Confusing Touch                Hexes                        2
   c - Confuse                        Hexes                        3
 F - a book of Callings

   Spells                             Type                      Level
   a - Summon Small Mammal            Summoning                    1
   b - Call Imp                       Summoning                    2
   c - Call Canine Familiar           Summoning                    3
   d - Summon Guardian Golem          Hexes/Summoning              3
   e - Summon Lightning Spire         Summoning/Air                4
   f - Summon Ice Beast               Ice/Summoning                4
Miscellaneous
 f - a phantom mirror
 B - a sack of spiders
Comestibles
 b - 6 bread rations
 c - 6 meat rations
 i - 10 fruits
 t - 13 beef jerkies
 z - 13 royal jellies


   Skills:
 + Level 10.1 Fighting
 + Level 3.6(7.9) Axes
 + Level 8.7(9.1) Maces & Flails
 + Level 6.5(7.0) Polearms
 + Level 3.9 Throwing
 + Level 9.7 Armour
 + Level 10.9 Dodging
 + Level 5.8 Stealth
 + Level 5.1 Unarmed Combat
 + Level 4.5 Spellcasting
 + Level 1.3 Hexes
 + Level 4.9 Summonings
 + Level 2.1 Invocations
 + Level 0.3 Evocations


You had 11 spell levels left.
You knew the following spells:

 Your Spells              Type           Power        Failure   Level  Hunger
a - Summon Small Mammal   Summ           ####         5%          1    None
b - Call Imp              Summ           #####...     9%          2    None
c - Summon Guardian Gole  Hex/Summ       ####....     30%         3    ##.....
d - Call Canine Familiar  Summ           #####...     16%         3    ##.....


Dungeon Overview and Level Annotations

Branches:
Dungeon (13/15)            Temple (0/1) D:6             Orc (1/2) D:10
   Lair: D:8-11      Vaults: D:13-14

Altars:
Cheibriados
Dithmenos
Makhleb
Nemelex Xobeh
Okawaru
Ru
Xom
Yredelemnul

Shops:
D:4 *   D:13 [(   Orc:1 *

Annotations:
D:8 exclusion: ice statue
D:10 exclusions: ice statue and obsidian statue


Innate Abilities, Weirdness & Mutations

You reflexively headbutt those who attack you in melee.
You have a pair of horns on your head.
Scrolls take you a little longer to read.
You regenerate slowly when monsters are visible.
Your spells are a little harder to cast, but a little more powerful.


Message History

The orc knight roars a battlecry!
The orc priest goes into a battle-frenzy!
The orc knight hits you but does no damage.
The orc priest closely misses you.
You see here a bolt.
You slice the orc priest!! You freeze the orc priest.
You kill the orc priest!
Cheibriados thoroughly appreciates the change of pace.
The yaktaur shoots a bolt.
The bolt hits you!
The yaktaur shoots a bolt.
The bolt hits you!
* * * LOW HITPOINT WARNING * * *
The orc knight hits you with a war axe!!
* * * LOW HITPOINT WARNING * * *
Read which item? (? for menu, Esc to quit)
Okay, then.
You hit the orc knight. You freeze the orc knight.
Your headbutt misses the orc knight.
The orc knight is moderately wounded.
The yaktaur shoots a bolt.
The bolt hits you!
You die...

. #..# .
#.#..#.#
.##.#..#c##.
..........
#####.#c.#.#####
...............
...............
###.#(.#.###
#.o@(.(..(.#
#..##)#((#.##..#
# #.#(.#.#
.##..##c .. #).#
.. #####.(#####
#...##.######
#(..........#
#(####.####.#


You could see an orc knight and 2 yaktaurs.

Vanquished Creatures
  An orc warlord (D:10)
  Snorg (D:13)
  2 unseen horrors
  A deep elf archer (D:13)
  Pikel (D:5)
  A manticore (D:11)
  3 ugly things
  3 deep elf magi (D:13)
  Joseph (D:7)
  A gargoyle (D:13)
  A yaktaur (D:13)
  2 kobold demonologists (D:11)
  A queen bee (D:9)
  2 trolls
  A two-headed ogre (D:9)
  Grinder (D:3)
  3 slime creatures (D:9)
  A trapdoor spider zombie (D:9)
  A wyvern (D:9)
  2 shadows
  2 wraiths
  16 yaks
  2 hippogriffs (D:9)
  2 hungry ghosts
  A steam dragon (D:10)
  Menkaure (D:7)
  Edmund (D:4)
  2 vampire mosquitoes (D:12)
  A mottled dragon (D:11)
  4 ice beasts
  7 orc warriors
  A sky beast (D:10)
  3 black bears
  9 centaurs
  2 necrophages
  2 slaves (D:5)
  12 ogres
  6 phantoms
  An elf zombie (D:8)
  A big kobold (D:12)
  A gnoll sergeant (D:9)
  7 giant frogs
  2 wyvern zombies
  3 scorpions
  2 water moccasin skeletons
  33 killer bees
  3 wights (D:6)
  A quasit (D:12)
  4 centaur zombies
  A giant frog zombie (D:7)
  8 crimson imps
  3 human zombies (D:8)
  4 giant frog skeletons
  6 jellies
  4 hounds
  3 human skeletons (D:8)
  9 orc priests
  Crazy Yiuf (D:5)
  A centaur skeleton (D:6)
  5 iguanas
  16 orc wizards
  13 worker ants
  2 hound zombies
  2 mummies (D:8)
  A hound skeleton (D:6)
  13 gnolls
  14 adders
  A shadow imp (D:11)
  4 oozes
  An adder zombie (D:9)
  6 worms
  An adder skeleton (D:4)
  7 giant geckos
  67 orcs
  5 giant cockroaches
  4 goblins
  12 hobgoblins
  9 kobolds
  7 quokkas
  A ball python (D:2)
  A ball python zombie (D:5)
  10 bats
  A giant gecko zombie (D:8)
  6 giant newts
  2 orc zombies (D:8)
  12 rats
  6 fungi (D:5)
431 creatures vanquished.

Vanquished Creatures (collateral kills)
  A redback zombie (D:13)
  A vampire mosquito (D:12)
  3 orc warriors
  3 centaurs
  A big kobold (D:10)
  A giant frog skeleton (D:12)
  An orc priest (Orc:1)
  An iguana (D:12)
  An adder (D:11)
  A shadow imp (D:11)
  A giant gecko (D:9)
  6 orcs
  A quokka (D:12)
  5 kobolds
27 creatures vanquished.

Vanquished Creatures (others)
  A yak (D:9)
  An orc wizard (D:9)
  An adder (D:9)
3 creatures vanquished.

Grand Total: 461 creatures vanquished

Notes
Turn   | Place    | Note
--------------------------------------------------------------
     0 | D:1      | tof the Minotaur Monk began the quest for the Orb.
     0 | D:1      | Reached XP level 1. HP: 19/19 MP: 0/0
   339 | D:1      | Reached XP level 2. HP: 27/27 MP: 1/1
  1567 | D:1      | Reached XP level 3. HP: 33/33 MP: 2/2
  1740 | D:2      | Reached skill level 5 in Unarmed Combat
  1929 | D:2      | Reached skill level 1 in Armour
  2272 | D:2      | Reached XP level 4. HP: 27/40 MP: 3/3
  2845 | D:2      | Gained mutation: You are agile. (Dex +2) [potion of beneficial mutation]
  2888 | D:3      | Reached skill level 1 in Maces & Flails
  2926 | D:3      | Noticed Grinder
  2939 | D:3      | Paralysed by Grinder for 4 turns
  3242 | D:3      | Paralysed by Grinder for 4 turns
  3482 | D:2      | Reached XP level 5. HP: 24/46 MP: 4/4
  3779 | D:3      | Killed Grinder
  3779 | D:3      | Reached XP level 6. HP: 11/53 MP: 5/5
  4268 | D:3      | Found a snail-covered altar of Cheibriados.
  4340 | D:3      | Became a worshipper of Cheibriados the Contemplative
  4340 | D:3      | Reached * piety under Cheibriados
  4340 | D:3      | Reached ** piety under Cheibriados
  4387 | D:3      | Reached skill level 5 in Dodging
  4799 | D:4      | Reached XP level 7. HP: 30/60 MP: 6/6
  5343 | D:4      | Found Foufyorph's Assorted Antiques.
  5433 | D:5      | Entered Level 5 of the Dungeon
  5436 | D:5      | Noticed Edmund
  5453 | D:4      | Killed Edmund
  5453 | D:4      | Reached skill level 5 in Fighting
  5528 | D:5      | Reached skill level 5 in Maces & Flails
  5638 | D:5      | Reached *** piety under Cheibriados
  5771 | D:5      | Reached skill level 6 in Dodging
  5773 | D:5      | Reached XP level 8. HP: 61/68 MP: 7/7
  6011 | D:5      | Noticed Pikel
  6029 | D:5      | Killed Pikel
  6029 | D:5      | Reached skill level 1 in Axes
  6029 | D:5      | Reached skill level 1 in Throwing
  6029 | D:5      | Reached skill level 5 in Armour
  6069 | D:5      | Reached skill level 7 in Dodging
  6479 | D:5      | Found a shadowy altar of Dithmenos.
  6481 | D:5      | Found a sacrificial altar of Ru.
  6611 | D:5      | Noticed Crazy Yiuf
  6615 | D:5      | Killed Crazy Yiuf
  6615 | D:5      | Reached XP level 9. HP: 75/75 MP: 8/8
  6720 | D:6      | Found a staircase to the Ecumenical Temple.
  6797 | D:6      | You fall through a shaft for 2 floors!
  6813 | D:7      | Noticed Menkaure
  6872 | D:6      | Reached **** piety under Cheibriados
  7814 | D:6      | Reached skill level 8 in Dodging
  7842 | D:6      | Got a warped jade amulet
  8220 | D:7      | Killed Menkaure
  8637 | D:7      | Reached XP level 10. HP: 86/86 MP: 9/9
  8880 | D:7      | Found an iron altar of Okawaru.
  9001 | D:7      | Noticed Joseph
  9017 | D:7      | Killed Joseph
  9212 | D:7      | Reached ***** piety under Cheibriados
  9703 | D:8      | Reached skill level 9 in Dodging
  9716 | D:8      | Found a basalt altar of Yredelemnul.
  9787 | D:8      | Identified the amulet "Ryaghoga" {Spirit rC+ Int+2} (You found it on level 6 of the Dungeon)
  9961 | D:8      | Identified Sif Muna's Papyrus of Enchantment
 10248 | D:8      | Found a burning altar of Makhleb.
 10324 | D:8      | Reached skill level 5 in Stealth
 10413 | D:9      | Learned a level 1 spell: Summon Small Mammal
 10418 | D:9      | Learned a level 2 spell: Call Imp
 10526 | D:9      | Reached skill level 1 in Polearms
 10681 | D:9      | Found a sparkling altar of Nemelex Xobeh.
 10765 | D:9      | Reached skill level 1 in Spellcasting
 10915 | D:9      | Reached skill level 1 in Summonings
 11006 | D:9      | Reached ****** piety under Cheibriados
 11012 | D:9      | Reached XP level 11. HP: 75/94 MP: 10/12
 11443 | D:9      | Found a shimmering altar of Xom.
 12048 | D:10     | Entered Level 10 of the Dungeon
 12331 | D:10     | Killed an unseen horror
 12331 | D:10     | Reached skill level 10 in Dodging
 12643 | D:10     | Learned a level 3 spell: Summon Guardian Golem
 13085 | D:10     | Found a staircase to the Orcish Mines.
 13325 | Orc:1    | Entered Level 1 of the Orcish Mines
 13325 | Orc:1    | Found Oclap's General Store.
 13343 | Orc:1    | Noticed an orc warlord
 13438 | D:10     | Killed an orc warlord
 13438 | D:10     | Reached skill level 5 in Polearms
 13438 | D:10     | Reached skill level 1 in Invocations
 13671 | D:10     | Noticed an obsidian statue
 13684 | D:10     | Noticed a soul eater
 14507 | D:11     | Reached XP level 12. HP: 105/105 MP: 14/14
 14891 | D:12     | Lost mutation: You are agile. (Dex +2) [mutagenic meat]
 14892 | D:12     | Gained mutation: You regenerate slowly when monsters are visible. [mutagenic meat]
 15225 | D:12     | Learned a level 3 spell: Call Canine Familiar
 15508 | D:12     | Reached skill level 1 in Hexes
 15571 | D:12     | Got a faintly glowing leather armour
 15599 | D:12     | Identified the cursed +0 leather armour "Xiask" {Dex+2} (You took it off an orc on level 12 of the Dungeon)
 15828 | D:12     | Gained mutation: Scrolls take you a little longer to read. [mutagenic meat]
 15829 | D:12     | Gained mutation: You tend to lose your temper in combat. [mutagenic meat]
 15830 | D:12     | Gained mutation: Your spells are a little harder to cast, but a little more powerful. [mutagenic meat]
 15831 | D:12     | Lost mutation: You tend to lose your temper in combat. [mutagenic meat]
 16242 | D:13     | Found Laeper's Antique Armour Emporium.
 16279 | D:13     | Found Ceocergh's Antique Weapon Shop.
 16500 | D:13     | Noticed Snorg
 16503 | D:13     | Reached skill level 10 in Fighting
 16510 | D:13     | Killed Snorg
 16834 | D:13     | HP: 4/106 [orc knight/war axe (18)]
 16835 | D:13     | Shot with a bolt by a yaktaur

Vault maps used:
D:1:      elethiomel_arrival_infinity_welcomes_careful_drivers
D:3:      cheibriados_altar_wand_db, first_bread, uniq_grinder
D:4:      serial_shops, nicolae_shop_stone, kennysheep_generic_room_12
D:5:      gammafunk_temple_overflow_wave, serial_glass, glass_columns_a,
          glass_columns_b, glass_columns_c, glass_columns_a, glass_columns_a,
          glass_columns_c, uniq_crazy_yiuf_cottage, uniq_pikel, uniq_edmund
D:6:      minmay_temple_entry_statues_fountains
D:7:      kennysheep_okawaru_gauntlet, uniq_joseph, uniq_menkaure
D:8:      lemuel_ice_statue, kennysheep_mini,
          lemuel_mausoleum_altar_yredelemnul, nicolae_benzene_ring,
          grunt_ogre_cave, grunt_ministairs_15
D:9:      old_standard_altar, xom_confusion_cloud, special_room,
          evilmike_butchery
D:10:     minmay_separated_statues, erik_lair_dragon, hiddenorc2_lemuel
D:12:     grunt_decor_one_mirror
D:13:     hangedman_vaults_entry_quadrant_bands, serial_shops, shop_fountains,
          shop_fountains, kennysheep_little_box, uniq_snorg
Orc:1:    special_room, serial_shops, shop

Action                   |  1- 3 |  4- 6 |  7- 9 | 10-12 || total
-------------------------+-------+-------+-------+-------++-------
Melee: Dagger            |    33 |       |       |       ||    33
       Unarmed           |     4 |       |       |       ||     4
       Short sword       |    17 |       |       |       ||    17
       Mace              |    45 |   122 |   184 |   158 ||   509
       Hand axe          |       |       |    90 |       ||    90
       Flail             |       |       |    13 |       ||    13
       Halberd           |       |       |       |   448 ||   448
Throw: Tomahawk          |       |     2 |    28 |    18 ||    48
 Cast: Call Imp          |       |       |       |    57 ||    57
       Summon Small Mamm |       |       |       |    69 ||    69
       Summon Guardian G |       |       |       |    19 ||    19
       Call Canine Famil |       |       |       |    32 ||    32
Invok: Slouch            |       |       |     1 |     4 ||     5
       Bend Time         |       |       |       |     1 ||     1
Evoke: Wand              |       |       |     2 |     2 ||     4
  Use: Potion            |     2 |     3 |     1 |     7 ||    13
       Scroll            |     1 |     1 |    11 |    14 ||    27
 Stab: Sleeping          |     3 |     4 |     6 |    11 ||    24
       Distracted        |       |       |       |     6 ||     6
  Eat: Chunk             |     4 |     3 |     4 |    17 ||    28
       Royal jelly       |       |     1 |       |     1 ||     2
       Bread ration      |       |     1 |       |     3 ||     4
       Pizza             |       |       |     1 |     1 ||     2
